 Dungeon Crawl Stone Soup version 0.31-a0-977-gc230f8ef24 (webtiles) character file.

Game seed: 3690966538369275553

312 Maxmaps the Changeling (level 6, 0/57 HPs)
             Began as an Octopode Shapeshifter on Oct 30, 2023.
             Succumbed to a kobold brigand's curare-tipped dart
             ... in a sewer.
             The game lasted 00:03:05 (2450 turns).

Maxmaps the Changeling (Octopode Shapeshifter)      Turns: 2450, Time: 00:03:06

Health: 0/57       AC: 23    Str: 14    XL:     6   Next: 42%
Magic:  6/6        EV:  2    Int: 14    God:
Gold:   131        SH:  0    Dex: 11    Spells: 5/5 levels left

rFire   . .          .
                       - Unarmed
rCold   . . .        (no shield)
rNeg    . . .        (helmet currently unavailable)
rPois   +            (no amulet)
rElec   .            m - ring of willpower
rCorr   .            (no ring)
SInv    .            (no ring)
Will    +....        (no ring)
Stlth   +            (no ring)
HPRegen 0.29/turn    (no ring)
MPRegen 0.10/turn    (no ring)
                     (no ring)

%: no passive effects
@: lethally poisoned (0 -> -13), tree-form, hasted and slowed, invisible, very
slow
A: stationary, stasis, torment immunity, boosted hp, almost no armour,
(amphibious), 8 rings, (camouflage 1), (gelatinous body 1), (nimble swimmer 1),
(tentacles)
a: no special abilities


You were in a sewer.
You were a tree.
You visited 1 branch of the dungeon, and saw 4 of its levels.
You also visited: Sewer.

You collected 131 gold pieces.

Inventory:

Jewellery
 m - a ring of willpower (left branch)
Talismans
 b - a beast talisman
 c - a flux talisman
Scrolls
 f - 2 scrolls of fear {unknown}
 k - 2 scrolls of vulnerability {unknown}
 l - a scroll of silence {unknown}
 n - a scroll of immolation {unknown}
 o - a scroll of identify {unknown}
 q - a scroll of enchant armour {unknown}
 s - 3 scrolls of summoning {unknown}
Potions
 a - a potion of lignification
 g - a potion of resistance {unknown}
 h - 2 potions of enlightenment {unknown}
 i - 3 potions of heal wounds {unknown}
 j - 4 potions of curing {unknown}
 p - a potion of brilliance {unknown}
 r - a potion of attraction {unknown}


   Skills:
 - Level 1.0 Fighting
 - Level 2.0 Dodging
 - Level 3.0 Unarmed Combat
 + Level 6.5 Shapeshifting


You had 5 spell levels left.
You didn't know any spells.
Your spell library contained the following spells:

 Spells                   Type           Power      Damage    Failure   Level
 Ensorcelled Hibernation  Hex/Ice        0%         N/A       41%         2
 Lesser Beckoning         Tloc           0%         N/A       41%         2
 Passwall                 Tmut/Erth      0%         N/A       41%         2
 Gell's Gravitas          Tloc           0%         N/A       65%         3
 Swiftness                Air            0%         N/A       65%         3
 Teleport Other           Tloc           0%         N/A       65%         3


Dungeon Overview and Level Annotations

Branches:
Dungeon (4/15)              Sewer (1/1)
 Temple: D:4-7

Altars:


Innate Abilities, Weirdness & Mutations

You are a tree.
Your roots penetrate the ground, keeping you stationary.
You cannot be teleported.
You are immune to unholy pain and torment.
Your maximum health is greatly increased.
You cannot wear most types of armour.
((You are amphibious.))
You can wear up to eight rings at the same time.
((Your skin changes colour to match your surroundings (Stealth+).))
((Your rubbery body absorbs attacks. (AC +1, EV +1)))
((You are camouflaged when in or above water. (Stealth+)))
((You have tentacles for arms and can constrict up to eight enemies at once.))


Message History

You enter the shallow water.
You enter the shallow water.
You enter the shallow water.
You enter the shallow water.
You enter the shallow water.
You enter the shallow water.
A kobold brigand comes into view.
It is wielding a +0 dagger and quivering curare-tipped darts.
Found a scroll labelled XOFISIX GYUFIY.
The kobold brigand shouts!
The kobold brigand throws a curare-tipped dart.
The curare-tipped dart hits you.
You are poisoned.
You have difficulty breathing.
You feel yourself slow down.
A kobold brigand is nearby!
You feel very sick.
You feel very sick.
The kobold brigand throws a curare-tipped dart.
The curare-tipped dart hits you.
You are lethally poisoned!
You have difficulty breathing.
You feel as though you will be slow longer.
You are too injured to fight recklessly!
You are too injured to fight recklessly!
You are too injured to fight recklessly!
You are too injured to fight recklessly!
You are too injured to fight recklessly!
You are too injured to fight recklessly!
You are too injured to fight recklessly!
You are too injured to fight recklessly!
You are too injured to fight recklessly!
Your transformation has ended.
You turn into a tree.
Your roots penetrate the ground.
* * * LOW HITPOINT WARNING * * *
You feel extremely sick.
It was a potion of invisibility.
You fade into invisibility!
* * * LOW HITPOINT WARNING * * *
You feel extremely sick.
It was a potion of haste.
You feel yourself speed up.
You die...

####### #?~~~~#####
#♣~~~~#######
#.~~K~###~~..~~.##
####### #.~~~~~~.#
#.
~~~~###~~......####.
#~~~..####~.~.##~.
~~~.##### ##~.~..~~
## ##~~~.~~ #~~..~.
#~..~~~


You could see a kobold brigand.

Vanquished Creatures
  2 kobold brigands (Sewer)
  A scorpion (D:4)
  3 adders
  3 worms
  3 dart slugs
  4 orcs (D:3)
  4 endoplasms
  5 giant cockroaches
  5 goblins
  5 hobgoblins
  7 jackals
  2 quokkas (D:4)
  8 ball pythons
  6 bats
  2 frilled lizards (D:1)
  3 kobolds
  5 rats
68 creatures vanquished.

Notes
Turn   | Place    | Note
-------+----------+-------------------------------------------
     0 | D:1      | Maxmaps the Octopode Shapeshifter began the quest for the
                  | Orb.
     0 | D:1      | Reached XP level 1. HP: 13/13 MP: 1/1
    93 | D:1      | Reached XP level 2. HP: 18/18 MP: 2/2
   577 | D:2      | Reached skill level 4 in Shapeshifting
   577 | D:2      | Reached XP level 3. HP: 18/23 MP: 3/3
  1574 | D:3      | Reached XP level 4. HP: 25/28 MP: 4/4
  1912 | D:4      | Noticed a scorpion
  1917 | D:4      | Killed a scorpion
  1918 | D:4      | Reached skill level 5 in Shapeshifting
  1918 | D:4      | Reached XP level 5. HP: 33/33 MP: 5/5
  1973 | D:4      | Found a glowing drain.
  1998 | Sewer    | Entered a sewer
  2047 | Sewer    | Noticed a kobold brigand
  2057 | Sewer    | Killed a kobold brigand
  2058 | Sewer    | Reached skill level 6 in Shapeshifting
  2062 | Sewer    | Reached XP level 6. HP: 19/38 MP: 6/6
  2450 | Sewer    | Succumbed to a kobold brigand's curare-tipped dart

Illustrated notes

Levels and vault maps discovered:
D:1:      lemuel_arrival_room, layout_rooms
D:2:      layout_basic, minmay_misc_feat_ornament
D:3:      layout_rooms
D:4:      layout_basic, biasface_ghost_orc_armoury, portal_sewer_entry_f,
          minmay_diced_spiral
Sewer:    sewer_co_tree

Skill      XL: |  1  2  3  4  5 |
---------------+----------------+-----
Shapeshifting  | 4 5 6 |  6.5
Fighting       | |  1.0
Dodging        | |  2.0
Unarmed Combat | |  3.0

Action                     |  1- 3 |  4- 6 || total
---------------------------+-------+-------++-------
  Melee: Unarmed           |    69 |    73 ||   142
         Constrict         |    15 |    15 ||    30
         Tentacles         |     5 |    13 ||    18
         Punch             |     4 |     3 ||     7
    Use: Potion            |       |     3 ||     3
   Stab: Sleeping          |     6 |     6 ||    12
 Armour: Skin              |    20 |    27 ||    47
  Dodge: Dodged            |    34 |    37 ||    71

Table legend: (Time is in decaauts)
 A = Elapsed time spent in this place.
 B = Non-inter-level travel time spent in this place.
 C = Inter-level travel time spent in this place.
 D = Time resting spent in this place.
 E = Time spent auto-exploring this place.
 F = Levels seen in this place.
 G = Mean time per level.
                   A        B        C        D        E       F      G
               +--------+--------+--------+--------+--------+-----+--------+
         Total |   2442 |   2375 |     67 |    191 |   1747 |   5 |  488.4 |
       Dungeon |   1990 |   1923 |     67 |     54 |   1521 |   4 |  497.5 |
         Sewer |    452 |    452 |      0 |    137 |    226 |   1 |  452.0 |
               +--------+--------+--------+--------+--------+-----+--------+

Top non-repeatable levels by time:
     D:2: 891 daAuts
     D:1: 560 daAuts
     D:3: 455 daAuts
   Sewer: 452 daAuts
     D:4: 83 daAuts
